 Dungeon Crawl Stone Soup version 0.30-b1-2-g02819fbbbe (webtiles) character file.

Game seed: 8346213903515928622

2266 Metae the Fighter (level 9, -3/81 HPs)
             Began as a Hill Orc Fighter on June 19, 2023.
             Slain by a two-headed ogre
             ... wielding a +0 giant club
              (17 damage)
             ... on level 6 of the Dungeon.
             The game lasted 00:18:01 (4723 turns).

Metae the Fighter (Hill Orc Fighter)                Turns: 4723, Time: 00:18:02

Health: -3/81      AC: 16    Str: 23    XL:     9   Next: 38%
Magic:  0/9        EV:  8    Int:  8    God:
Gold:   289        SH:  5    Dex: 10    Spells: 8/8 levels left

rFire   + . .        q - +5 Force Lance {heavy, knockback}
rCold   + . .        c - +0 buckler
rNeg    . . .        J - +0 chain mail
rPois   .            F - +2 hat
rElec   .            t - scarf {rC+ rF+}
rCorr   .            (no gloves)
SInv    .            m - +2 pair of boots
Will    +....        E - amulet of guardian spirit Stlth
                     e - ring of willpower
HPRegen 0.33/turn    k - +4 ring of slaying
MPRegen 0.11/turn

%: guardian spirit
@: no status effects
A: no striking features
a: no special abilities


You were on level 6 of the Dungeon.
You visited 1 branch of the dungeon, and saw 6 of its levels.

You collected 289 gold pieces.

Inventory:

Hand Weapons
 a - a +0 flail
 q - the +5 Force Lance (weapon) {heavy, knockback}
   (You found it on level 2 of the Dungeon)
 w - a +0 sling
Missiles
 f - 38 stones (quivered)
 l - a throwing net
 H - 2 poisoned darts
Armour
 c - a +0 buckler (worn)
 m - a +2 pair of boots (worn)
 t - a scarf of resistance (worn)
 F - a +2 hat (worn)
 J - a +0 chain mail (worn)
Jewellery
 e - a ring of willpower (left hand)
 k - a +4 ring of slaying (right hand)
 r - a ring of positive energy
 E - an amulet of guardian spirit (around neck)
 L - a ring of fire
Wands
 z - a wand of roots (21)
 B - a wand of quicksilver (9)
 G - a wand of charming (10)
 M - a wand of flame (16)
Scrolls
 b - a scroll of acquirement {unknown}
 h - 3 scrolls of teleportation
 j - 3 scrolls of fog {unknown}
 n - a scroll of amnesia {unknown}
 o - a scroll of identify
 p - 2 scrolls of blinking {unknown}
 s - 2 scrolls of fear {unknown}
 y - a scroll of vulnerability {unknown}
 I - 2 scrolls of poison {unknown}
 K - a scroll of magic mapping {unknown}
 N - a scroll of noise {unknown}
Potions
 d - 2 potions of might
 g - 2 potions of heal wounds
 i - 3 potions of mutation
 u - 3 potions of ambrosia
 v - 2 potions of haste {unknown}
 x - a potion of lignification {unknown}
 A - 4 potions of curing
 C - 2 potions of flight {unknown}
 D - 3 potions of resistance
 O - a potion of brilliance {unknown}


   Skills:
 + Level 8.1 Fighting
 - Level 2.9 Maces & Flails
 + Level 6.1 Polearms
 + Level 7.4 Armour
 + Level 7.4 Shields
 + Level 1.0 Evocations


You had 8 spell levels left.
You didn't know any spells.
Your spell library contained the following spells:

 Spells                   Type           Power      Damage    Failure   Level
 Magic Dart               Conj           0%         1d3       95%         1
 Cigotuvi's Dreadful Rot  Necr/Pois/Air  0%         N/A       98%         2
 Searing Ray              Conj           0%         2d4       98%         2
 Gell's Gravitas          Tloc           0%         N/A       100%        3
 Ignite Poison            Fire/Tmut/Pois 0%         N/A       100%        3
 Summon Guardian Golem    Hex/Summ       0%         N/A       100%        3
 Teleport Other           Tloc           0%         N/A       100%        3
 Airstrike                Air            0%         2d(0-16)  100%        4
 Anguish                  Hex/Necr       0%         N/A       100%        4
 Cause Fear               Hex            0%         N/A       100%        4
 Fulminant Prism          Conj/Hex       0%         3d5       100%        4
 Freezing Cloud           Conj/Ice/Air   0%         6-21      100%        5
 Yara's Violent Unravell  Hex/Tmut       0%         3d3       100%        5
 Dispersal                Tloc           0%         N/A       100%        6
 Enfeeble                 Hex            0%         N/A       100%        7
 Orb of Destruction       Conj           0%         9d5       100%        7
 Spellforged Servitor     Conj/Summ      0%         N/A       100%        7
 Chain Lightning          Conj/Air       0%         N/A       100%        9


Dungeon Overview and Level Annotations

Branches:
Dungeon (6/15)
 Temple: D:4-7

Altars:
Ashenzari
Hepliaklqana
Kikubaaqudgha
Okawaru
Vehumet
Xom

Shops:
D:1 *   D:5 *


Message History

You start resting.
HP restored.
Found a smoky yellow potion.
Found a rapier.
v - 2 smoky yellow potions (gained 1)
A two-headed ogre comes into view.
It is wielding a +0 giant club and a +0 giant spiked club.
Sorry, you're not good enough to have a special ability.
Okay, then.
Aiming: Fastroot
Press: ? - help, Shift-Dir - straight line, f - two-headed ogre
Aim: a two-headed ogre, wielding a +0 giant club and a +0 giant spiked club The roots erupt in riotous growth!
Roots grab the two-headed ogre.
The grasping roots constrict the two-headed ogre.
The two-headed ogre struggles to escape constriction.
The grasping roots constrict the two-headed ogre.
The roots release their grip on the two-headed ogre.
Reach: q) +5 Force Lance {heavy, knockback}
Press: ? - help, Dir - move target, f/p - two-headed ogre
Aim: a two-headed ogre, wielding a +0 giant club and a +0 giant spiked club (lightly wounded, about 17% to evade the +5 Force Lance)
You completely miss the two-headed ogre.
The two-headed ogre is lightly wounded.
The two-headed ogre hits you with a +0 giant club!
The two-headed ogre hits you with a +0 giant spiked club!!
You closely miss the two-headed ogre.
The two-headed ogre is lightly wounded.
The two-headed ogre hits you with a +0 giant club!!
The two-headed ogre hits you with a +0 giant spiked club!
You barely miss the two-headed ogre.
The two-headed ogre is lightly wounded.
The two-headed ogre hits you with a +0 giant club.
The two-headed ogre hits you but does no damage.
The two-headed ogre attacks as you move away!
The two-headed ogre barely misses you.
The two-headed ogre hits you with a +0 giant spiked club.
The two-headed ogre attacks as you move away!
The two-headed ogre hits you with a +0 giant club!
* * * LOW HITPOINT WARNING * * *
The two-headed ogre hits you with a +0 giant spiked club!!
You die...

....#.####..## .....?.#.....#
#....#...## ### )#. #...# .##..##
... ##..##....... ##.#
##.#........ ...##........... #
#....##O.......
##.##....#.@.......
.#..................
..........................
#............<...........##
...##.....................#
......####....................###
................................#
................................#
.........................).......


You could see a two-headed ogre.

Vanquished Creatures
  Pikel (D:4)
  Edmund (D:4)
  Menkaure (D:6)
  4 ogres
  2 centaurs (D:6)
  2 lemures (D:4)
  Blork the orc (D:4)
  2 scorpions
  3 killer bees (D:4)
  A howler monkey (D:5)
  2 orc priests
  3 hounds
  3 jellies
  Jessica (D:2)
  A gnoll bouda (D:5)
  3 iguanas
  Ijyb (D:4)
  Natasha (thrice) (D:3)
  4 orc wizards (D:4)
  Robin (D:3)
  4 adders
  2 white imps (D:5)
  An ufetubus (D:5)
  3 worms
  2 dart slugs (D:3)
  12 orcs
  6 ball pythons
  6 endoplasms
  3 giant cockroaches
  17 goblins
  12 hobgoblins
  6 jackals (D:1)
  5 quokkas
  8 bats
  2 frilled lizards
  5 kobolds
  5 rats
139 creatures vanquished.

Vanquished Creatures (others)
  7 plants (D:5)
7 creatures vanquished.

Grand Total: 146 creatures vanquished

Notes
Turn   | Place    | Note
-------+----------+-------------------------------------------
     0 | D:1      | Metae the Hill Orc Fighter began the quest for the Orb.
     0 | D:1      | Reached XP level 1. HP: 19/19 MP: 1/1
    64 | D:1      | Found Masoech's Assorted Antiques.
    70 | D:1      | Reached XP level 2. HP: 22/27 MP: 2/2
   305 | D:1      | Reached XP level 3. HP: 33/33 MP: 3/3
   383 | D:1      | Reached skill level 4 in Fighting
   393 | D:1      | Found a faded altar of an unknown god.
  1051 | D:2      | Found the +5 Force Lance {heavy, knockback}
  1136 | D:2      | Reached XP level 4. HP: 40/40 MP: 4/4
  1319 | D:2      | Noticed Jessica
  1323 | D:2      | Killed Jessica
  1597 | D:3      | Found a radiant altar of Vehumet.
  1638 | D:3      | Reached skill level 1 in Polearms
  1654 | D:3      | Noticed Natasha
  1656 | D:3      | Noticed Robin
  1667 | D:3      | Killed Natasha
  1668 | D:3      | Reached XP level 5. HP: 22/47 MP: 5/5
  1673 | D:3      | HP: 2/47 [goblin/+0 club[Robin] (3)]
  1680 | D:3      | Killed Robin
  1784 | D:3      | Got Ypeanteo's Precepts of Evolved Nephomancy
  1999 | D:3      | Noticed Natasha
  2002 | D:3      | Killed Natasha
  2068 | D:3      | Noticed Natasha
  2072 | D:3      | Killed Natasha
  2073 | D:3      | Reached skill level 5 in Fighting
  2073 | D:3      | Reached XP level 6. HP: 56/56 MP: 6/6
  2162 | D:4      | Noticed Ijyb
  2163 | D:4      | Noticed Pikel
  2176 | D:4      | Killed Ijyb
  2185 | D:4      | Killed Pikel
  2186 | D:4      | Reached skill level 6 in Fighting
  2186 | D:4      | Reached skill level 5 in Armour
  2186 | D:4      | Reached skill level 5 in Shields
  2186 | D:4      | Reached XP level 7. HP: 24/63 MP: 7/7
  2349 | D:4      | Found a hazy altar of Hepliaklqana.
  2351 | D:4      | Found a shimmering altar of Xom.
  2352 | D:4      | Noticed a spectral ugly thing
  2466 | D:4      | Noticed Blork the orc
  2468 | D:4      | Killed Blork the orc
  2470 | D:4      | Reached XP level 8. HP: 71/71 MP: 8/8
  2743 | D:4      | Noticed Edmund
  2760 | D:4      | Killed Edmund
  3072 | D:4      | Reached skill level 7 in Fighting
  3222 | D:5      | Entered Level 5 of the Dungeon
  3348 | D:5      | Reached skill level 5 in Polearms
  3651 | D:5      | Found a broken altar of Ashenzari.
  3651 | D:5      | Found an ancient bone altar of Kikubaaqudgha.
  3705 | D:5      | Reached XP level 9. HP: 79/79 MP: 9/9
  3979 | D:5      | Found an iron altar of Okawaru.
  4000 | D:5      | Found Muylizuti's Assorted Antiques.
  4305 | D:6      | Noticed Menkaure
  4310 | D:6      | Killed Menkaure
  4449 | D:6      | Reached skill level 8 in Fighting
  4583 | D:6      | Reached skill level 1 in Evocations
  4708 | D:6      | Noticed a two-headed ogre
  4723 | D:6      | Slain by a two-headed ogre

Illustrated notes

Levels and vault maps discovered:
D:1:      lemuel_arrival_broad_hall, layout_loops_ring,
          shapermc_ecumenical_altar_pompeii, serial_shops,
          nicolae_shop_advertising_works [nicolae_subvault_shop_adworks]
D:2:      layout_loops_ring, minmay_ruptured, uniq_jessica
D:3:      cheibrodos_helix_gallery, layout_basic, nicolae_vehumet_altar_sigil,
          uniq_natasha, uniq_robin
D:4:      layout_loops_cross, regret_index_temple_of_mockery, uniq_edmund,
          uniq_blork_the_orc, uniq_ijyb, uniq_pikel
D:5:      layout_loops_ring, chequers_temple_overflow_statue_of_worship,
          mainiacjoe_overflow_surrounded_room, serial_shops, shop,
          chequers_big_river, st_stairs_10
D:6:      layout_cave_pools, minmay_temple_entry_fiery, serial_shops,
          kennysheep_mini, uniq_menkaure

Skill      XL: |  1  2  3  4  5  6  7  8  9 |
---------------+----------------------------+-----
Fighting       | 4 5 6 7 8 |  8.1
Armour         | 4 5 6 7 |  7.4
Shields        | 4 5 6 7 |  7.4
Polearms       | 1 2 3 4 5 6 |  6.1
Evocations     | 1 |  1.0
Maces & Flails | |  2.9

Action                     |  1- 3 |  4- 6 |  7- 9 || total
---------------------------+-------+-------+-------++-------
  Melee: Flail             |    97 |       |       ||    97
         Lance             |     3 |    82 |   100 ||   185
  Throw: Stone             |       |       |     2 ||     2
  Evoke: Wand              |       |       |     1 ||     1
    Use: Potion            |       |     2 |       ||     2
         Scroll            |       |       |     4 ||     4
 Armour: Scale mail        |    49 |    52 |    14 ||   115
         Chain mail        |       |       |    34 ||    34
  Dodge: Dodged            |    47 |    55 |    38 ||   140
  Block: Buckler           |    16 |    29 |    27 ||    72
